 Dungeon Crawl Stone Soup version 0.31.0-12-g77e489cdc1 (webtiles) character file.

Game seed: 2207182713178847730

12800 Bobsterar the Fighter (level 11, -19/114 HPs)
             Began as a Minotaur Berserker on Mar 7, 2024.
             Was a High Priest of Trog.
             Demolished by a white ugly thing (20 damage)
             ... on level 12 of the Dungeon.
             The game lasted 00:24:39 (6929 turns).

Bobsterar the Fighter (Minotaur Berserker)          Turns: 6929, Time: 00:24:40

Health: -19/114    AC: 16    Str: 23    XL:     11   Next: 67%
Magic:  10/10      EV: 11    Int: 12    God:    Trog [*****.]
Gold:   533        SH:  0    Dex: 11    Spells: 10/10 levels left

rFire   . . .        P - +2 broad axe
rCold   . . .        (no shield)
rNeg    . . .        p - +0 chain mail
rPois   +            (helmet restricted)
rElec   .            D - +0 cloak
rCorr   .            F - +0 pair of gloves
SInv    .            K - +0 pair of boots
Will    .....        g - amulet of regeneration Stlth
                     y - +6 ring of intelligence
HPRegen 1.19/turn    e - ring of poison resistance
MPRegen 0.12/turn

%: no passive effects
@: no status effects
A: horns 2, retaliatory headbutt, passive freeze, robust 1
a: Renounce Religion, Berserk, Trog's Hand, Brothers in Arms


You were on level 12 of the Dungeon.
You worshipped Trog.
Trog was extremely pleased with you.
You visited 1 branch of the dungeon, and saw 10 of its levels.

You collected 665 gold pieces.
You spent 132 gold pieces at shops.

Inventory:

Hand Weapons
 a - a +0 hand axe
 P - a +2 broad axe (weapon)
 Q - a +0 broad axe of flaming
Armour
 b - a +0 animal skin
 c - +0 steam dragon scales
 j - a +0 cloak
 p - a +0 chain mail (worn)
 z - a +0 ring mail
 D - a +0 cloak (worn)
 F - a +0 pair of gloves (worn)
 K - a +0 pair of boots (worn)
 S - +0 swamp dragon scales
 V - a +3 troll leather armour {Snorg}
 W - a +2 robe
Jewellery
 e - a ring of poison resistance (right hand)
 g - an amulet of regeneration (around neck)
 m - a ring of fire
 y - a +6 ring of intelligence (left hand)
 O - a ring of protection from fire
 T - a ring of resist corrosion
 U - a ring of protection from cold
Talismans
 u - a storm talisman
 B - a blade talisman
Wands
 v - a wand of flame (8)
 E - a wand of mindburst (13)
 G - a wand of paralysis (19)
 N - a wand of iceblast (17)
Scrolls
 d - 3 scrolls of silence
 f - 6 scrolls of blinking
 h - 4 scrolls of vulnerability
 k - 3 scrolls of noise
 n - 2 scrolls of revelation
 r - 2 scrolls of fog
 t - a scroll of butterflies
 x - a scroll of poison {unknown}
 A - 3 scrolls of enchant armour {unknown}
 H - a scroll of fear {unknown}
 J - a scroll of amnesia {unknown}
 L - a scroll of teleportation {unknown}
Potions
 i - a potion of lignification
 l - 6 potions of curing
 o - a potion of magic
 s - 3 potions of degeneration
 w - a potion of attraction {unknown}
 C - a potion of brilliance {unknown}
 I - 2 potions of berserk rage {unknown}
 M - a potion of ambrosia {unknown}
 R - a potion of mutation


   Skills:
 * Level 11.9 Fighting
 * Level 11.9 Axes
 * Level 11.5 Armour
 + Level 8.4 Dodging
 + Level 5.2 Evocations


You had 10 spell levels left.
You didn't know any spells.
Your spell library was empty.

Dungeon Overview and Level Annotations

Branches:
Dungeon (12/15)            Temple (0/1) D:7            Lair (0/5) D:9
    Orc: D:9-12

Altars:
Cheibriados
Gozag
Wu Jian

Shops:
D:4 !

Annotations:
D:3 1 runed translucent door, Crazy Yiuf


Innate Abilities, Weirdness & Mutations

You have a pair of horns on your head.
You reflexively headbutt those who attack you in melee.
A frigid envelope surrounds you and freezes all who hurt you.
You are robust. (+10% HP)


Message History

The white ugly thing is moderately wounded.
The white ugly thing punches you but does no damage.
The white ugly thing resists.
The white ugly thing is very cold.
The white ugly thing is moderately wounded.
You closely miss the white ugly thing.
You headbutt the white ugly thing, but do no damage.
The white ugly thing is moderately wounded.
The white ugly thing closely misses you.
You furiously retaliate!
You headbutt the white ugly thing! You barely miss the white ugly thing.
Your headbutt misses the white ugly thing.
The white ugly thing is moderately wounded.
The white ugly thing punches you. The white ugly thing freezes you!!
The white ugly thing resists.
The white ugly thing is very cold.
The white ugly thing is heavily wounded.
You slash the white ugly thing!
The white ugly thing is heavily wounded.
The white ugly thing punches you! The white ugly thing freezes you!!
The white ugly thing resists.
The white ugly thing is very cold.
The white ugly thing is heavily wounded.
You are too injured to fight recklessly!
You are too injured to fight recklessly!
You are too injured to fight recklessly!
You are too injured to fight recklessly!
You feel much better. The white ugly thing punches you.
The white ugly thing freezes you!
The white ugly thing resists.
The white ugly thing is very cold.
The white ugly thing is severely wounded.
You slash the white ugly thing!
The white ugly thing is severely wounded.
The white ugly thing punches you. The white ugly thing freezes you!!
* * * LOW HITPOINT WARNING * * *
The white ugly thing resists.
The white ugly thing is very cold.
The white ugly thing is severely wounded.
You barely miss the white ugly thing. You headbutt the white ugly thing!
The white ugly thing is almost dead.
The white ugly thing punches you.
* * * LOW HITPOINT WARNING * * *
The white ugly thing freezes you!!
You die...

#.........# #...
#.........#. #.#.#
#........... #...#
####........... .>
#...# #..............
. #.#.# #)#..........#
#...####.........#..#
#(......######...#..#
#^......#..u@'........
#...)...#.<..#########
#..)###########...#
#.#.# #......#...#
###### #...#
#....#.#...######.....
#...#
#......#........#....#
#.#.+
#......#........#....#
#...#
#....#.#........+.....
#...#
#.#....#........######


You could see a white ugly thing.

Vanquished Creatures
  Snorg (D:12)
  Josephine (D:12)
  A centaur warrior (D:9)
  Erica (D:9)
  2 two-headed ogres (D:9)
  The ghost of jimmypageman the Basher, a journeyman GrFi of Okawaru (D:9)
  The ghost of Lhightning the Chopper, a novice HOFi (D:6)
  A wolf spider (D:9)
  Maurice (D:12)
  Maggie (D:9)
  An unseen horror (D:7)
  Prince Ribbit (D:7)
  Grinder (D:5)
  3 slime creatures (D:12)
  3 wraiths (D:12)
  9 yaks (D:9)
  3 wyverns
  A steam dragon (D:6)
  A warg (D:9)
  3 orc warriors
  A sky beast (D:7)
  A black bear (D:8)
  4 ice beasts
  2 wolves (D:9)
  4 kobold brigands
  2 gnoll sergeants
  3 bullfrogs
  2 scorpions
  5 killer bees (D:9)
  5 howler monkeys
  5 hounds
  2 jellies
  2 gnoll boudas (D:7)
  4 orc priests
  Jessica (D:3)
  Terence (D:3)
  7 iguanas
  A sleepcap (D:7)
  9 orc wizards
  15 gnolls
  3 adders
  3 shadow imps
  5 white imps
  2 ribbon worms
  5 dart slugs
  35 orcs
  10 endoplasms
  A giant cockroach (D:1)
  6 goblins
  5 hobgoblins
  5 jackals
  28 kobolds
  4 quokkas
  8 ball pythons
  5 bats
  6 frilled lizards
  5 rats
249 creatures vanquished.

Vanquished Creatures (others)
  A shadow (D:9)
1 creature vanquished.

Grand Total: 250 creatures vanquished

Notes
Turn   | Place    | Note
-------+----------+-------------------------------------------
     0 | D:1      | Bobsterar the Minotaur Berserker began the quest for the
                  | Orb.
     0 | D:1      | Reached XP level 1. HP: 19/19 MP: 0/0
   151 | D:1      | Reached XP level 2. HP: 25/27 MP: 1/1
   394 | D:1      | Reached ** piety under Trog
   778 | D:2      | Reached XP level 3. HP: 23/33 MP: 2/2
  1040 | D:2      | Identified the +4 ring mail "Tiforphaf" {rC++ Dex-5 SInv}
  1395 | D:3      | Noticed Terence
  1414 | D:3      | Killed Terence
  1415 | D:3      | Reached XP level 4. HP: 41/41 MP: 3/3
  1731 | D:3      | Noticed Jessica
  1737 | D:3      | Killed Jessica
  1738 | D:3      | Reached XP level 5. HP: 45/47 MP: 4/4
  2029 | D:3      | Found a runed translucent door.
  2030 | D:3      | Noticed Crazy Yiuf
  2243 | D:4      | Reached *** piety under Trog
  2275 | D:4      | Found Kuvacen's Distillery.
  2278 | D:4      | Bought a potion of heal wounds for 55 gold pieces
  2278 | D:4      | Bought a potion of lignification for 33 gold pieces
  2278 | D:4      | Bought a potion of curing for 33 gold pieces
  2278 | D:4      | Bought a potion of degeneration for 11 gold pieces
  2463 | D:4      | Reached skill level 5 in Fighting
  2463 | D:4      | Reached skill level 5 in Axes
  2614 | D:4      | Reached XP level 6. HP: 50/56 MP: 5/5
  3315 | D:5      | Entered Level 5 of the Dungeon
  3569 | D:5      | Noticed an ice beast
  3577 | D:5      | Killed an ice beast
  3676 | D:5      | Reached skill level 5 in Armour
  3676 | D:5      | Reached XP level 7. HP: 5/62 MP: 6/6
  3676 | D:5      | HP: 3/93 [poisoned by an orc wizard]
  3840 | D:5      | Noticed Grinder
  3841 | D:5      | Paralysed by Grinder for 2 turns
  3861 | D:5      | Killed Grinder
  3862 | D:5      | Reached skill level 5 in Dodging
  3905 | D:5      | Gained mutation: A frigid envelope surrounds you and
                  | freezes all who hurt you. [potion of mutation]
  3905 | D:5      | Gained mutation: You are robust. (+10% HP) [potion of
                  | mutation]
  4049 | D:6      | Noticed a steam dragon
  4059 | D:6      | Killed a steam dragon
  4156 | D:6      | Reached XP level 8. HP: 73/78 MP: 7/7
  4213 | D:6      | Reached skill level 1 in Evocations
  4213 | D:6      | Reached **** piety under Trog
  4233 | D:6      | Found a runed translucent door.
  4254 | D:6      | Noticed Lhightning's ghost (novice HOFi)
  4275 | D:6      | Killed Lhightning's ghost
  5089 | D:7      | Found a staircase to the Ecumenical Temple.
  5217 | D:7      | Noticed Prince Ribbit
  5224 | D:7      | Reached XP level 9. HP: 86/89 MP: 8/8
  5229 | D:7      | Killed Prince Ribbit
  5464 | D:7      | Killed an unseen horror
  5471 | D:7      | Reached ***** piety under Trog
  5777 | D:8      | Found an ornate altar of the Wu Jian Council.
  5777 | D:8      | Found a snail-covered altar of Cheibriados.
  5777 | D:8      | Found an opulent altar of Gozag.
  5825 | D:8      | Identified the +1 leather armour "Yplox" {rN+ Str+3 Int+3}
  6131 | D:8      | Reached XP level 10. HP: 100/100 MP: 9/9
  6248 | D:9      | Found a runed translucent gate.
  6248 | D:9      | Found a runed translucent gate.
  6248 | D:9      | Found an opulent altar of Gozag.
  6249 | D:9      | Found a runed translucent gate.
  6252 | D:9      | Noticed jimmypageman's ghost (journeyman GrFi)
  6309 | D:9      | Noticed a wolf spider
  6309 | D:9      | Noticed a centaur warrior
  6310 | D:9      | Noticed a two-headed ogre
  6327 | D:9      | Killed a wolf spider
  6329 | D:9      | Reached skill level 10 in Fighting
  6329 | D:9      | Killed jimmypageman's ghost
  6330 | D:9      | Reached skill level 10 in Axes
  6331 | D:9      | Killed a two-headed ogre
  6332 | D:9      | Reached skill level 10 in Armour
  6336 | D:9      | Killed a centaur warrior
  6414 | D:9      | Noticed Maggie
  6424 | D:9      | Killed Maggie
  6457 | D:9      | Reached XP level 11. HP: 77/111 MP: 10/10
  6548 | D:9      | Noticed Erica
  6561 | D:9      | Killed Erica
  6637 | D:9      | Noticed a two-headed ogre
  6646 | D:9      | Killed a two-headed ogre
  6646 | D:9      | Received a gift from Trog
  6691 | D:9      | Found a staircase to the Lair.
  6709 | D:9      | You fall into a shaft and drop 3 floors!
  6727 | D:12     | Noticed Snorg
  6728 | D:12     | Noticed Josephine
  6736 | D:12     | Killed Snorg
  6737 | D:12     | Reached skill level 5 in Evocations
  6739 | D:12     | Killed Josephine
  6865 | D:12     | Noticed Maurice
  6875 | D:12     | Maurice stole a ring of fire
  6876 | D:12     | Maurice stole a storm talisman
  6877 | D:12     | Killed Maurice
  6918 | D:12     | Noticed a white ugly thing
  6928 | D:12     | HP: 5/114 [white ugly thing (32)]
  6929 | D:12     | HP: 1/114 [white ugly thing (5)]
  6929 | D:12     | Demolished by a white ugly thing

Illustrated notes

Levels and vault maps discovered:
D:1:      lightli_arrival_statuegarden, layout_loops_ring, minmay_pentomino_w4
D:2:      layout_rooms, serial_curves, eino_curves_03, eino_curves_02,
          eino_curves_01, eino_curves_03, minmay_goblin_kobold_house
D:3:      layout_basic, hangedman_abyss_or_decor_lesser_grid, uniq_jessica,
          uniq_crazy_yiuf_cottage, uniq_terence
D:4:      layout_layer_cave, serial_shops, nicolae_shop_real_fake_doors,
          chequers_serial_rivers_small_3
D:5:      layout_loops_ring, uniq_grinder
D:6:      layout_gridville, gammafunk_ghost_grave, hangedman_glass_garden
D:7:      minmay_clustersquares, layout_rooms, minmay_temple_entry_wispy,
          uniq_prince_ribbit1
D:8:      layout_gridville, chequers_temple_overflow_statue_of_worship,
          minmay_diced_spiral
D:9:      layout_small_grid, erik_lair_orcish_takeover, ebering_ghost_gozag,
          uniq_erica, uniq_maggie
D:12:     layout_stronghold, grunt_dithmenos_shadows, uniq_snorg,
          uniq_josephine, uniq_maurice, uniq_sonja

Skill      XL: |  1  2  3  4  5  6  7  8  9 10 11 |
---------------+----------------------------------+-----
Fighting       | 4 5 6 7 9 10 11 | 11.9
Axes           | 4 5 6 7 9 10 11 | 11.9
Armour         | 3 4 5 6 7 9 10 11 | 11.5
Dodging        | 3 4 5 6 7 8 |  8.4
Evocations     | 2 3 4 5 |  5.2

Action                     |  1- 3 |  4- 6 |  7- 9 | 10-12 || total
---------------------------+-------+-------+-------+-------++-------
  Melee: Hand axe          |   103 |   143 |   214 |       ||   460
         Headbutt          |    23 |    28 |    47 |    34 ||   132
         Punch             |     1 |     2 |     1 |       ||     4
         Broad axe         |       |       |     1 |   131 ||   132
 Invoke: Berserk           |     1 |     1 |       |     1 ||     3
         Trog's Hand       |       |     1 |     1 |     1 ||     3
  Evoke: Wand              |       |       |    17 |     1 ||    18
    Use: Scroll            |       |     6 |     4 |     1 ||    11
         Potion            |       |       |     3 |     3 ||     6
   Stab: Sleeping          |     1 |       |       |       ||     1
 Armour: Animal skin       |    77 |    20 |       |       ||    97
         Chain mail        |       |    95 |   170 |   138 ||   403
         Skin              |       |       |    15 |    28 ||    43
  Dodge: Dodged            |    71 |    65 |   118 |    78 ||   332
